 Dungeon Crawl Stone Soup version 0.29.1-1-gd02db6906a (webtiles) character file.

Game seed: 13824814368274148909

274 tardwrangler69 the Digger (level 6, 0/36 HPs)
             Began as an Octopode Earth Elementalist on Oct 5, 2022.
             Slain by Grinder (5 damage)
             ... on level 3 of the Dungeon.
             The game lasted 00:01:18 (1810 turns).

tardwrangler69 the Digger (OpEE)                    Turns: 1810, Time: 00:01:19

Health: 0/36       AC:  1    Str:  7    XL:     6   Next: 24%
Magic:  6/12       EV: 13    Int: 19    God:
Gold:   126        SH:  0    Dex: 13    Spells: 12/13 levels left

rFire   . . .      SeeInvis .   (no weapon)
rCold   . . .      Faith    .   (no shield)
rNeg    . . .      Spirit   .   (helmet restricted)
rPois   .          Reflect  .   b - amulet of regeneration
rElec   .          Harm     .   (no ring)
rCorr   .          Rampage  .   (no ring)
Will    .....                   (no ring)
Stlth   +++.......              (no ring)
HPRegen 0.92/turn               (no ring)
MPRegen 0.13/turn               (no ring)
                                (no ring)
                                (no ring)

@: no status effects
A: almost no armour, amphibious, 8 rings, camouflage 1, gelatinous body 1,
(nimble swimmer 1), tentacles
a: no special abilities


You were on level 3 of the Dungeon.
You visited 1 branch of the dungeon, and saw 3 of its levels.

You collected 126 gold pieces.

Inventory:

Jewellery
 b - an amulet of regeneration (around mantle)
 h - a ring of protection from cold
Scrolls
 c - 2 scrolls of identify {unknown}
 d - 2 scrolls of enchant armour {unknown}
 e - a scroll of blinking {unknown}
 f - a scroll of fog {unknown}
 k - a scroll of magic mapping {unknown}
 l - a scroll of enchant weapon {unknown}
 n - a scroll of immolation {unknown}
Potions
 a - a potion of magic
 g - 2 potions of lignification {unknown}
 i - 2 potions of curing {unknown}
 j - 2 potions of ambrosia {unknown}
 m - a potion of flight {unknown}


   Skills:
 - Level 2.0 Dodging
 - Level 2.6 Stealth
 + Level 4.3 Spellcasting
 - Level 1.0 Transmutations
 + Level 5.2 Earth Magic


You had 12 spell levels left.
You knew the following spells:

 Your Spells              Type           Power      Damage    Failure   Level
a - Sandblast             Erth           48%        2d12      1%          1

Your spell library contained the following spells:

 Spells                   Type           Power      Damage    Failure   Level
 Passwall                 Tmut/Erth      13%        N/A       5%          2
 Stone Arrow              Conj/Erth      28%        3d8       14%         3
 Petrify                  Tmut/Erth      16%        N/A       36%         4
 Borgnjor's Vile Clutch   Necr/Erth      7%         N/A       77%         5
 Animate Dead             Necr           4%         N/A       78%         4
 Death Channel            Necr           2%         N/A       100%        6
 Lehudib's Crystal Spear  Conj/Erth      7%         10d3      100%        8
 Animate Armour           Summ/Erth      Unusable   N/A       N/A         4

Dungeon Overview and Level Annotations

Branches:
Dungeon (3/15)

Altars:

Annotations:
D:3 Grinder


Innate Abilities, Weirdness & Mutations

You cannot wear most types of armour.
You are amphibious.
You can wear up to eight rings at the same time.
Your skin changes colour to match your surroundings (Stealth+).
Your rubbery body absorbs attacks. (AC +1, EV +1)
((You are camouflaged when in or above water. (Stealth+)))
You have tentacles for arms and can constrict up to eight enemies at once.


Message History

Grinder is moderately wounded.
Grinder is nearby!
Grinder is nearby!
Grinder is nearby!
Casting: Sandblast (safe; 1% risk of failure)
Confirm with . or Enter, or press ? or * to list all spells.
Aiming: Sandblast (safe; 1% risk of failure)
Press: ? - help, Shift-Dir - straight line, f/p - Grinder
Aim: Grinder (moderately wounded, 81% to hit)
The blast of sand hits Grinder!
Grinder is heavily wounded.
Grinder hits you.
You writhe in agony.
Grinder closely misses you.
Casting: Sandblast (safe; 1% risk of failure)
Confirm with . or Enter, or press ? or * to list all spells.
Aiming: Sandblast (safe; 1% risk of failure)
Press: ? - help, Shift-Dir - straight line, f/p - Grinder
Aim: Grinder (heavily wounded, 81% to hit)
The blast of sand hits Grinder!
Grinder is almost dead.
Grinder barely misses you.
Casting: Sandblast (safe; 1% risk of failure)
Confirm with . or Enter, or press ? or * to list all spells.
Aiming: Sandblast (safe; 1% risk of failure)
Press: ? - help, Shift-Dir - straight line, f/p - Grinder
Aim: Grinder (almost dead, 81% to hit)
The blast of sand misses Grinder.
Grinder hits you!
You writhe in agony.
Grinder says, "Don't move a muscle."
Grinder hits you!
* * * LOW HITPOINT WARNING * * *
Casting: Sandblast (safe; 1% risk of failure)
Confirm with . or Enter, or press ? or * to list all spells.
Aiming: Sandblast (safe; 1% risk of failure)
Press: ? - help, Shift-Dir - straight line, f/p - Grinder
Aim: Grinder (almost dead, 81% to hit)
The blast of sand hits Grinder.
Grinder is almost dead.
Grinder hits you!
* * * LOW HITPOINT WARNING * * *
You writhe in agony.
You die...

..#.# .#.##
)...# ...
... #.# #5#
#@#
##########.#
#..........#
#.##########
#######.#
........#
#.#######
#.# #.#


You could see Grinder.

Vanquished Creatures
  Sigmund (D:2)
  Crazy Yiuf (D:2)
  An iguana (D:3)
  An adder (D:2)
  A dart slug (D:1)
  An orc (D:3)
  An endoplasm (D:2)
  2 giant cockroaches (D:1)
  6 goblins
  2 hobgoblins
  2 kobolds (D:1)
  6 quokkas
  2 ball pythons
  5 bats
  A frilled lizard (D:2)
  2 rats
35 creatures vanquished.

Notes
Turn   | Place    | Note
-------+----------+-------------------------------------------
     0 | D:1      | tardwrangler69 the Octopode Earth Elementalist began the
                  | quest for the Orb.
     0 | D:1      | Reached XP level 1. HP: 11/11 MP: 3/3
   169 | D:1      | Reached XP level 2. HP: 15/17 MP: 1/5
   805 | D:1      | Reached XP level 3. HP: 21/21 MP: 4/6
   846 | D:1      | Found a faded altar of an unknown god.
   944 | D:2      | Found a runed translucent door.
   945 | D:2      | Noticed Crazy Yiuf
  1171 | D:2      | Noticed Sigmund
  1179 | D:2      | Killed Sigmund
  1180 | D:2      | Reached skill level 4 in Earth Magic
  1180 | D:2      | Reached XP level 4. HP: 8/27 MP: 2/10
  1180 | D:2      | Reached XP level 5. HP: 9/31 MP: 2/11
  1482 | D:2      | Killed Crazy Yiuf
  1483 | D:2      | Reached skill level 5 in Earth Magic
  1483 | D:2      | Reached XP level 6. HP: 36/36 MP: 9/12
  1801 | D:3      | Noticed Grinder
  1810 | D:3      | Slain by Grinder

Illustrated notes

Levels and vault maps discovered:
D:1:      evilmike_arrival_rings, layout_basic,
          ebering_ecumenical_altar_petrified, hex_tiny
D:2:      layout_basic, uniq_crazy_yiuf_cottage, uniq_sigmund
D:3:      layout_loops_ring, minmay_tree_intersection, st_stairs_9, uniq_grinder

Skill      XL: |  1  2  3  4  5 |
---------------+----------------+-----
Spellcasting   | 4 |  4.3
Earth Magic    | 4 5 |  5.2
Dodging        | |  2.0
Stealth        | |  2.6
Transmutations | |  1.0

Action                   |  1- 3 |  4- 6 || total
-------------------------+-------+-------++-------
Melee: Unarmed           |     4 |     2 ||     6
       Constrict         |     3 |     1 ||     4
       Tentacles         |     2 |       ||     2
 Cast: Sandblast         |    37 |    24 ||    61
 Stab: Sleeping          |     1 |       ||     1
Armor: Skin              |     3 |     1 ||     4
Dodge: Dodged            |     9 |    11 ||    20
